[Event "Hungarian Championship Women 2022"]
[Site "Budapest"]
[Date "2022.12.05"]
[Round "1.1"]
[White "Demeter, Dorina"]
[Black "Terbe, Zsuzsanna"]
[Result "1/2-1/2"]
[ECO "A06"]
[WhiteElo "2149"]
[BlackElo "2114"]
[Annotator "TA"]
[PlyCount "100"]
[EventDate "2022.12.03"]
[EventType "tourn"]
[EventCountry "HUN"]
[SourceTitle "playchess.com"]
[Source "ChessBase"]
[SourceQuality "1"]
[TimeControl "40/5400+30:1800+30"]

1. Nf3 d5 2. g3 Nf6 3. Bg2 c6 4. O-O Bf5 5. c4 e6 6. Qb3 Qb6 7. d3 {[%emt 0:00:44][%cal Bd2d3,Bd3e4][%mdl 32] A11: English Opening: 1...c6.} Nbd7 (7... Qxb3 {simplifies} 8. axb3 a6 9. Bd2 Nbd7) 8. cxd5 exd5 9. Qc2 {[%emt 0:02:53][%cal Oe2e4] The position is equal.} Be7 {[%emt 0:03:44] Inhibits e4.} (9... Qc5 $5 10. Qb3 Qb4 $11) 10. Nc3 O-O 11. e4 dxe4 12. dxe4 Bg6 13. Be3 Qa5 14. Nh4 Ng4 {[%emt 0:20:50] [#] Hoping for ...Bxh4.} 15. Nxg6 hxg6 16. Bd2 Qh5 17. h3 Nge5 {[%emt 0:00:37] [#]} 18. Be3 $146 (18. f4 $5 Nc4 19. Bc1 $11) ({Predecessor:} 18. Qd1 Rfd8 19. Qxh5 gxh5 20. Rad1 h4 21. gxh4 Bxh4 22. b3 Be7 23. f4 Bc5+ 24. Kh2 {½-½ (33) Svane,R (2613)-Martirosyan,H (2622) Chess.com INT 2020}) 18... g5 19. g4 Qh6 20. Ne2 $1 Qe6 21. Nd4 Qc4 22. Rfc1 Qxc2 23. Rxc2 Bf6 24. Nf3 Nxf3+ 25. Bxf3 Rfe8 26. Rd1 Nb6 27. b3 Rad8 28. Rcd2 Rxd2 29. Rxd2 Rd8 30. Rxd8+ Bxd8 31. Bxb6 ({White should try} 31. e5 $11) 31... Bxb6 $11 {[%emt 0:00:20][%mdl 4096] Endgame KB-KB} 32. Be2 Kf8 33. Bc4 Ke7 34. Kf1 f6 35. Ke2 Kd6 36. f3 Ke5 37. Kd3 Kf4 38. Ke2 Bd4 39. Be6 c5 40. a4 b6 41. Bc4 Kg3 42. Ba6 Kxh3 43. Bc4 Kg3 44. Ba6 Kf4 45. Bc4 Ke5 46. Kd3 Bg1 47. Ba6 Kf4 48. Ke2 Ke5 49. Kd3 Kf4 50. Ke2 Ke5 {[%emt 0:00:04] Weighted Error Value: White=0.08 (flawless) /Black=0.07 (flawless)} (50... Bh2 $15) 1/2-1/2

[Event "Hungarian Championship Women 2022"]
[Site "Budapest"]
[Date "2022.12.05"]
[Round "1.2"]
[White "Karacsonyi, Kata"]
[Black "Havanecz, Bianka"]
[Result "1/2-1/2"]
[ECO "C44"]
[WhiteElo "2109"]
[BlackElo "2210"]
[Annotator "TA"]
[PlyCount "97"]
[EventDate "2022.12.03"]
[EventType "tourn"]
[EventCountry "HUN"]
[SourceTitle "playchess.com"]
[Source "ChessBase"]
[SourceQuality "1"]
[TimeControl "40/5400+30:1800+30"]

1. e4 e5 2. Nf3 Nc6 3. d4 exd4 4. Bc4 d6 5. Nxd4 Nf6 6. Nc3 Be7 7. O-O O-O 8. Bf4 Ne5 {[%emt 0:05:26] C50: Hungarian Defence and Giuoco Pianissimo.} (8... Re8 {looks sharper.} 9. Re1 Nxd4 10. Qxd4 Ng4) 9. Bb3 a6 10. a4 Re8 {[%emt 0:09:11] White has an edge.} 11. h3 Bf8 {[%emt 0:01:34] [#]} 12. Re1 $146 ({Predecessor:} 12. Nf3 Bd7 13. Bxe5 dxe5 14. Qe2 c6 15. Rad1 Qc7 16. Ng5 Re7 17. Rd3 h6 18. Nxf7 Rxf7 {½-½ (27) Ghassan,H-Majed,A Beirut 1999}) 12... Ned7 13. Qf3 Nc5 14. Bc4 (14. Ba2 $5 ) 14... Ne6 15. Nxe6 {[%emt 0:08:11] White is much more active.} Bxe6 16. Bd3 Nd7 17. Rad1 Qf6 18. Qg3 Ne5 19. Bg5 Qg6 20. f4 {[%emt 0:03:10] Strongly threatening f5.} (20. Be2 {simplifies} Be7 21. Bh4 Qxg3 22. Bxg3 Bf6 23. f4) 20... Nxd3 (20... h6 $15) 21. f5 $1 $36 {[%emt 0:04:19][%mdl 2048] Black is under pressure.} Bxf5 (21... Qh5 $14 22. Rxd3 (22. cxd3 Bb3 $11) 22... Bxf5 $1) 22. exf5 $18 Qxf5 23. cxd3 (23. Rxd3 $2 {perishes.} Rxe1+ 24. Qxe1 Qxg5 $19) 23... d5 24. Rf1 Qd7 25. d4 Re6 26. Qg4 c6 27. Rde1 Rae8 28. Re5 h5 29. Qxh5 (29. Qf5 $142) 29... Rxe5 $16 30. dxe5 Rxe5 {[%emt 0:00:10] [#]} 31. Qh4 $1 b5 32. Qg3 {[%emt 0:01:43] Against b4} Re8 33. axb5 axb5 34. Qf3 Bc5+ 35. Kh1 Qe6 36. Bh4 b4 (36... Qd7 $16) 37. Na4 $18 Bd4 {[%emt 0:00:47] [#]} (37... Bd6 $16 38. Bg3 Bxg3 39. Qxg3 Qe2) 38. Bf2 $1 Be5 39. Nc5 Qg6 40. Nd3 Bd6 41. Bc5 Bxc5 42. Nxc5 f6 43. Nd3 Re4 44. Rc1 Qe8 45. Qf2 Re2 46. Re1 Re4 47. Rc1 Re2 48. Re1 Re4 49. Rc1 $2 {[%emt 0:00:12] Weighted Error Value: White=0.19 (very precise) /Black=0.18 (very precise)} (49. Kg1 $18) 1/2-1/2

[Event "Hungarian Championship Women 2022"]
[Site "Budapest"]
[Date "2022.12.05"]
[Round "1.3"]
[White "Mihok-Juhasz, Barbara"]
[Black "Dudas, Eszter"]
[Result "1-0"]
[ECO "B04"]
[WhiteElo "2206"]
[BlackElo "2135"]
[Annotator "TA"]
[PlyCount "43"]
[EventDate "2022.12.03"]
[EventType "tourn"]
[EventCountry "HUN"]
[SourceTitle "playchess.com"]
[Source "ChessBase"]
[SourceQuality "1"]
[TimeControl "40/5400+30:1800+30"]

1. e4 Nf6 2. e5 Nd5 3. d4 d6 4. Nf3 g6 5. Bc4 Nb6 6. Bb3 Bg7 7. Ng5 e6 8. Qf3 Qe7 9. Ne4 $1 {[%emt 0:02:40] Strongly threatening exd6.} dxe5 {[%emt 0:01:54] B04: Alekhine's Defence: 4 Nf3.} 10. Bg5 {[%emt 0:03:25] Prevents f5.} Qb4+ 11. Nbd2 {[%emt 0:20:18] Threatens to win with Bf6.} N8d7 (11... exd4 $11 12. a3 Qb5) 12. Nf6+ ({Reject} 12. c3 Qa5 $15) (12. dxe5 $1 $14 Bxe5 13. O-O-O) 12... Nxf6 13. Bxf6 {[%emt 0:00:05] [#]} Bxf6 $146 ({Predecessor:} 13... O-O 14. dxe5 Bd7 15. O-O-O Bc6 16. Qg3 Bxf6 17. exf6 Nd7 18. c3 Qc5 19. Ne4 Qh5 {0-1 (59) Khoury,T (1813)-Villa Tornero,A (2114) Batumi 2022}) 14. Qxf6 O-O $132 {[%emt 0:00:20][%mdl 2048] Black has counterplay} 15. Qxe5 Nd7 16. Qxc7 {[%emt 0:04:11] Threatening c3.} Qxd4 17. O-O-O Qc5 (17... Qxf2 $11 18. Rhe1 Nc5) 18. Qf4 Kg7 (18... Qf5 $14 19. Qxf5 exf5) 19. h4 {[%emt 0:02:37][%cal Oh4h5] White is more active.} Nf6 $2 {[%emt 0:05:46][%mdl 8192] [#] Prevents h5.} (19... Qe5 $16 {is tougher.} 20. Qxe5+ Nxe5) 20. Qxf6+ $3 $18 Kxf6 21. Ne4+ Kg7 22. Nxc5 {[%emt 0:00:12] Weighted Error Value: White=0.14 (very precise) /Black=0.69} 1-0

[Event "Hungarian Championship Women 2022"]
[Site "Budapest"]
[Date "2022.12.05"]
[Round "1.4"]
[White "Szente Varga, Fruzsina"]
[Black "Ivan-Gal, Hanna Krisztina"]
[Result "1/2-1/2"]
[ECO "B23"]
[WhiteElo "2075"]
[BlackElo "2164"]
[Annotator "TA"]
[PlyCount "112"]
[EventDate "2022.12.03"]
[EventType "tourn"]
[EventCountry "HUN"]
[SourceTitle "playchess.com"]
[Source "ChessBase"]
[SourceQuality "1"]
[TimeControl "40/5400+30:1800+30"]

1. e4 c5 2. Nc3 e6 3. f4 a6 4. Nf3 Qc7 5. g3 b5 6. Bg2 {[%emt 0:02:13] B23: Closed Sicilian: Lines without g3.} Bb7 7. d3 Nc6 8. O-O {[%emt 0:00:08] White has an edge.} Nf6 9. e5 b4 10. exf6 bxc3 {[%emt 0:00:12] [#]} 11. fxg7 $146 (11. bxc3 $16 {Hoping for fxg7.} gxf6 12. f5) ({Predecessor:} 11. bxc3 gxf6 12. Be3 Ne7 13. d4 Nf5 14. Bf2 Bd5 15. Re1 Be7 16. dxc5 Bxc5 17. Qxd5 Bxf2+ 18. Kxf2 {1-0 (57) Pastor Briones,J (1843)-Delseny,S (1998) Benidorm 2009}) 11... Bxg7 $14 12. bxc3 Bxc3 13. Rb1 f5 14. Rb3 Bf6 15. Ne5 O-O 16. g4 (16. Bb2 $1 $14) 16... Rab8 $11 17. Nxc6 Bxc6 18. g5 Bd4+ 19. Kh1 Bxg2+ 20. Kxg2 Qc6+ 21. Qf3 (21. Kg3 $11 {is more appropriate.}) 21... Qa4 $15 22. Be3 (22. Qe2 $15) 22... Qxa2 $19 23. Rxb8 Rxb8 24. Rf2 (24. Bxd4 $142 cxd4 25. Qe2) 24... Bxe3 25. Qxe3 {[%emt 0:00:05][%mdl 4096] Endgame KQR-KQR} Qd5+ 26. Kh3 a5 27. Qg3 Qd4 28. Rg2 Qg7 (28... Kf7 $142 29. Qh4 Rh8) 29. Qe3 (29. Qf2 $142) 29... Qd4 30. Qg3 Kf7 31. Qh4 Qg7 32. Qh5+ Qg6 33. Qe2 Rb4 34. Kg3 Qg7 {[%emt 0:03:46] Against c3} 35. h4 $2 (35. Rg1) 35... a4 {[%emt 0:02:55] [#] Threatens to win with ...a3.} 36. h5 a3 {[%emt 0:03:50] And now ...a2 would win.} 37. c3 {[%emt 0:01:17] Against a2} Rb2 38. Qe1 Rb3 (38... Qh8 $142 {White must now prevent ...Rxg2+.} 39. h6 Qa8 40. g6+ Kxg6) 39. Rc2 Rb2 $2 ({Better is} 39... Qf8 $19 40. Qe5 Rb2) 40. Qc1 (40. Rg2 $1 $11 {keeps the balance.} Qh8 41. h6) 40... Rxc2 $17 41. Qxc2 {[%emt 0:00:59] KQ-KQ} Qf8 42. Qa4 Qd6 43. d4 cxd4 (43... Qd5 {simplifies} 44. Qxa3 Qh1 45. Qa7 Qe1+) 44. cxd4 a2 ({Black should try} 44... Ke7 $17) 45. Qxa2 $11 Qxd4 46. Qe2 {[%emt 0:00:48] Inhibits Qe3+.} Qg1+ 47. Kh3 d5 (47... Kf8 $15) 48. h6 {[%emt 0:04:25] The position is equal.} Qh1+ 49. Kg3 Qg1+ (49... d4 $5 50. Qe5 $8 Qg1+ 51. Kh3 Qg4+ 52. Kh2 Qh5+ 53. Kg2 Qg4+ 54. Kh2 Qh5+ 55. Kg2 Qg4+ 56. Kh2 $11) 50. Kh3 $1 Qh1+ 51. Kg3 d4 {[%emt 0:03:21] [#] Strongly threatening ...Qg1+.} 52. Qe5 {[%emt 0:01:33] aiming for Qf6+.} Qg1+ 53. Kf3 Qf1+ 54. Kg3 Qg1+ 55. Kf3 Qf1+ 56. Kg3 {[%emt 0:00:06] Qf6+ is the strong threat.} Qg1+ {[%emt 0:00:08] Whites escaped into a draw.   Weighted Error Value: White=0.43/Black=0.43} 1/2-1/2

[Event "Hungarian Championship Women 2022"]
[Site "Budapest"]
[Date "2022.12.05"]
[Round "1.5"]
[White "Erdos, Boglarka"]
[Black "Terbe, Julianna"]
[Result "0-1"]
[ECO "B06"]
[WhiteElo "2180"]
[BlackElo "2282"]
[Annotator "TA"]
[PlyCount "104"]
[EventDate "2022.12.03"]
[EventType "tourn"]
[EventCountry "HUN"]
[SourceTitle "playchess.com"]
[Source "ChessBase"]
[SourceQuality "1"]
[TimeControl "40/5400+30:1800+30"]

1. e4 g6 2. Nf3 Bg7 3. d4 d6 4. Nc3 a6 5. Be3 b5 6. a3 {[%emt 0:00:10] B06: Modern Defence.} Bb7 7. Qd2 Nd7 8. d5 {[%emt 0:06:11] The position is equal.} c5 {[%emt 0:09:50] Against Nd4} 9. dxc6 Bxc6 10. Nd4 Rc8 (10... Bb7 $11) 11. Be2 (11. a4 $14 b4 12. Na2) 11... Bb7 $1 $11 12. O-O (12. a4 $5 ) 12... Ngf6 {[%emt 0:02:19] [#]} 13. Bh6 $146 (13. Rfd1 {simplifies} O-O 14. f3 Ne5 15. Bg5) ({Predecessor:} 13. f3 O-O 14. Rad1 Qc7 15. Bh6 Nb6 16. Bxg7 Kxg7 17. Kh1 Nc4 {½-½ (17) Albrecht,G (2098)-Biskopics,M (2043) Hungary 2012}) 13... O-O (13... Nxe4 14. Nxe4 Bxh6 15. Nxd6+ exd6 16. Qxh6 $16) 14. Bxg7 Kxg7 15. Qe3 e5 16. Nb3 Nc5 (16... Qc7 {simplifies} 17. Nd2 Qb6 18. Qxb6 Nxb6 19. Rfe1 Rfd8) 17. Nxc5 dxc5 18. Rfd1 {[%emt 0:00:29] Inhibits Qd4.} Qe7 19. Nd5 Bxd5 20. exd5 Ne8 21. a4 Nd6 22. axb5 axb5 23. Ra6 Rfd8 24. Qa3 b4 25. Qa5 Qh4 26. c3 (26. Qa4 $11) 26... Qe4 $15 (26... Ne4 27. g3 Qh3 28. cxb4 $11) 27. Kf1 Qf4 $40 {[%emt 0:03:26][%mdl 128] White needs to defend precisely.} 28. g3 Qe4 29. f3 Qe3 {[%emt 0:01:04] Strongly threatening ...Nf5.} 30. Qa1 (30. cxb4 $17 cxb4 31. Qxb4) 30... e4 ({Better is} 30... Nf5 $1 $19 31. Qb1 bxc3 32. bxc3 Qxc3) 31. f4 $2 (31. Qc1 $17 Nf5 32. fxe4 Qxe4 33. Kf2) 31... bxc3 $2 (31... Nf5 $19 {[%cal Of5g3] is more deadly. Threatens to win with ...Nxg3+!} 32. c4 h5) 32. bxc3 {[%emt 0:00:07] [#]} (32. Ra3 $17 Ra8 33. Rxc3 (33. Rxa8 Rxa8 34. Qxa8 c2 $17) 33... Rxa1 34. Rxe3 Rxd1+ 35. Bxd1) 32... c4 $1 $19 33. Bg4 Rb8 34. Qc1 Qxc1 35. Rxc1 {[%emt 0:00:02] [#]} Rb5 (35... Rb2 $1 $19 36. Be2 Nf5) 36. Rd1 (36. Rc6 $17 {was worth a try.}) 36... Rb3 37. Rc1 Rb5 38. Rd1 Rb2 {[%emt 0:00:10] Prevents Ra2.} 39. Kg1 (39. Be2 $17 {was necessary.}) 39... Rc2 (39... Nb5 $142 40. Rb6 Rb3) 40. Rb1 (40. Rc6 {might work better.}) 40... h5 (40... Rxc3 $2 {loses.} 41. Rc6 $19) 41. Bh3 e3 (41... Rxc3 $2 {is the wrong capture.} 42. Bf1 $19) 42. Bg2 Rxc3 43. Re1 Nf5 44. Be4 Nd4 45. Ra2 (45. d6 $142) 45... Re8 {[%emt 0:01:53] Black is clearly winning.} 46. Bg2 Rd3 {[%emt 0:04:50] ...c3 is the strong threat.} 47. d6 c3 {[%emt 0:06:50] aiming for ...c2.} 48. d7 Rd8 49. Be4 Rd2 50. Raa1 Rxd7 {[%emt 0:05:13] Hoping for ...f5.} 51. Rxe3 Re7 52. Ree1 Ne2+ {[%emt 0:02:04] Weighted Error Value: White=0.74/Black=0.23 (precise)} 0-1

[Event "Hungarian Championship Women 2022"]
[Site "Budapest"]
[Date "2022.12.06"]
[Round "2.1"]
[White "Terbe, Zsuzsanna"]
[Black "Terbe, Julianna"]
[Result "1/2-1/2"]
[ECO "D10"]
[WhiteElo "2114"]
[BlackElo "2282"]
[Annotator "TA"]
[PlyCount "68"]
[EventDate "2022.12.03"]
[EventType "tourn"]
[EventCountry "HUN"]
[SourceTitle "playchess.com"]
[Source "ChessBase"]
[SourceQuality "1"]
[TimeControl "40/5400+30:1800+30"]

1. d4 d5 2. c4 c6 3. cxd5 cxd5 4. Nc3 Nf6 5. Bf4 Nc6 6. e3 Bf5 7. Nf3 e6 8. Bd3 Bxd3 9. Qxd3 Bd6 10. Bxd6 Qxd6 11. O-O O-O 12. a3 a6 13. Rac1 Rfc8 14. Rc2 Rc7 15. Rfc1 Rac8 {[%emt 0:00:23] The position is equal.} 16. Ne2 {[%emt 0:00:24] D14: Slav Defence: Exchange variation with ...Bf5.} Ne7 17. Rxc7 Rxc7 18. Rxc7 Qxc7 19. Qc3 Qxc3 20. Nxc3 $11 {[%emt 0:00:03][%mdl 4096] Endgame KNN-KNN} Nc6 21. Kf1 Kf8 22. Ke2 Ke7 23. Kd3 Kd6 24. Nd2 Nd7 {[%emt 0:00:28] [#]} 25. f4 $146 ({Predecessor:} 25. f3 f6 26. h4 h5 27. g3 g6 28. b4 b5 {½-½ (32) Hernandez Leon,A (2280)-Hernandez Leon,S (2157) Tenerife 2019}) 25... f5 26. Nf3 h6 27. Ne5 Nf6 28. Nxc6 Kxc6 {[%emt 0:00:03] KN-KN} 29. h3 Ne4 30. Nxe4 dxe4+ 31. Kc4 b5+ 32. Kc3 Kb6 33. b4 Kc6 34. h4 h5 {[%emt 0:00:04] A rather calm draw.   Weighted Error Value: White=0.00 (flawless) /Black=0.00 (flawless)} 1/2-1/2

[Event "Hungarian Championship Women 2022"]
[Site "Budapest"]
[Date "2022.12.06"]
[Round "2.2"]
[White "Ivan-Gal, Hanna Krisztina"]
[Black "Erdos, Boglarka"]
[Result "1-0"]
[ECO "C84"]
[WhiteElo "2164"]
[BlackElo "2180"]
[Annotator "TA"]
[PlyCount "105"]
[EventDate "2022.12.03"]
[EventType "tourn"]
[EventCountry "HUN"]
[SourceTitle "playchess.com"]
[Source "ChessBase"]
[SourceQuality "1"]
[TimeControl "40/5400+30:1800+30"]

1. e4 e5 2. Nf3 Nc6 3. Bb5 a6 4. Ba4 Nf6 5. O-O Be7 6. d3 b5 7. Bb3 d6 8. a3 {[%emt 0:00:48] C84: Closed Ruy Lopez: Unusual White 6th moves.} Na5 9. Ba2 c5 10. Nc3 {[%emt 0:01:26] The position is equal.} O-O 11. b4 Nc6 {[%emt 0:12:34] 11...Nc6 is better than 11...cxb4.} 12. Nd5 a5 13. Nxf6+ Bxf6 14. Bd5 {[%emt 0:00:06] [#]} Qb6 $146 ({Predecessor:} 14... Bd7 15. bxc5 dxc5 16. Be3 Qb6 17. a4 b4 18. Nd2 Rac8 19. Nc4 Qa7 20. Qh5 Be6 21. Bxe6 fxe6 {1-0 (49) Munguntuul,B (2428)-Dauletova,G (2285) Tornelo INT 2021}) 15. Rb1 Bb7 (15... axb4 $11 16. axb4 cxb4) 16. Bd2 axb4 17. axb4 Nxb4 18. Bxb7 Qxb7 19. Bxb4 cxb4 20. Rxb4 Qc6 21. Qb1 Ra5 22. h3 Rc8 23. c4 bxc4 24. Rxc4 Rc5 25. Nd2 Rxc4 26. Nxc4 d5 (26... h5 $11 {keeps the balance.}) 27. exd5 $16 Qc5 (27... Qxd5 $2 28. Nb6 Qd8 29. Nxc8 $18) 28. Re1 ({White should try} 28. Qe1 $16) 28... Rd8 (28... Qxd5 $2 29. Nb6 Qc5 30. Nxc8 Qxc8 31. Rc1 $18) 29. d6 Bh4 (29... Qd5 $16) 30. Qa2 (30. Rxe5 Qxf2+ 31. Kh1 Bg3 $11) 30... Qd5 31. Qe2 g6 (31... Bf6 $142 32. Rb1 (32. Nxe5 Qxd6 33. d4 h6 $14) 32... g6) 32. Qe4 (32. Nxe5 Rxd6 33. Qe4 Bf6 $14) 32... Qxe4 33. Rxe4 $18 {[%emt 0:00:10][%mdl 4096] Endgame KRB-KRN} (33. dxe4 $18 {Hoping for Rd1.} f6 34. Rd1) 33... Bf6 $14 34. Re1 Kf8 {[%emt 0:00:58] Black is now going downhill.} (34... Bg7 $1 $14) 35. Kf1 $16 {[%emt 0:01:11] White is more active.} ({Much less strong is} 35. Nxe5 $6 Rxd6 36. Ng4 Bg7 $14) 35... Rd7 36. Ke2 ({Resist} 36. Nxe5 $6 Rxd6 37. Ng4 Bc3 $14) 36... Bd8 (36... Rb7 $142 37. Kd2 Bg7) 37. Kf3 $18 ({Less strong is} 37. Nxe5 Rxd6 38. Nc4 Re6+ 39. Kf1 Ra6 $16) 37... f6 $2 (37... Rb7 {was worth a try.} 38. Nxe5 f6) 38. Ke4 Kf7 39. Kd5 Rb7 40. Ra1 Rb5+ 41. Kc6 Rb8 42. Ra7+ Ke6 43. Rxh7 Rc8+ {[%emt 0:04:11] [#]} 44. Rc7 $1 Ra8 45. g3 f5 (45... Bxc7 $2 46. dxc7 Rc8 47. Nb6 $18) (45... e4 $142 46. dxe4 Ra6+ 47. Kb7 Ra4) 46. Rg7 Kf6 (46... Rc8+ $142 47. Rc7 Ra8) 47. Rg8 {[%emt 0:01:09] And now Kb7 would win.} e4 48. dxe4 Rc8+ 49. Kd5 {[%emt 0:02:04] [#] White wants to mate with Ne5.} fxe4 50. Nb6 Kf7 51. Nxc8 Kxg8 52. Kxe4 Kf7 53. Ke5 {[%emt 0:00:33] Weighted Error Value: White=0.25 (precise) /Black=0.54} 1-0

[Event "Hungarian Championship Women 2022"]
[Site "Budapest"]
[Date "2022.12.06"]
[Round "2.3"]
[White "Dudas, Eszter"]
[Black "Szente Varga, Fruzsina"]
[Result "0-1"]
[ECO "B04"]
[WhiteElo "2135"]
[BlackElo "2075"]
[Annotator "TA"]
[PlyCount "128"]
[EventDate "2022.12.03"]
[EventType "tourn"]
[EventCountry "HUN"]
[SourceTitle "playchess.com"]
[Source "ChessBase"]
[SourceQuality "1"]
[TimeControl "40/5400+30:1800+30"]

1. e4 Nf6 2. e5 Nd5 3. d4 d6 4. Nf3 dxe5 5. Nxe5 c6 6. c4 Nb4 {[%emt 0:00:17][%cal Od8d4] B04: Alekhine's Defence: 4 Nf3.} 7. Be3 Bf5 $1 {[%emt 0:00:16] And now ...Nc2+ would win.} 8. Na3 {[%emt 0:07:02][%cal Oe5f7] Prevents Nc2+.} Nd7 {[%emt 0:00:40] The position is equal.} 9. Nf3 e5 10. Be2 $1 e4 11. Nd2 {[%emt 0:01:46] [#]} ({But not} 11. Ne5 Nxe5 12. dxe5 Nd3+ 13. Bxd3 Bb4+ 14. Bd2 Bxd2+ 15. Qxd2 exd3 $17) 11... Bd6 $146 ({Predecessor:} 11... Nd3+ 12. Bxd3 exd3 13. O-O Bxa3 14. bxa3 O-O 15. Qf3 Bg6 16. Rab1 Nb6 17. c5 Nd5 18. Rxb7 {1-0 (52) Martinez Alcantara,J (2615)-Bortnyk,O (2604) Chess.com INT 2022}) 12. O-O O-O 13. Nc2 (13. Nab1 {looks sharper.} Qh4 14. g3 Qh3 15. Re1) 13... Nxc2 ({Don't play} 13... Qh4 14. g3 Qd8 15. c5 Nxc2 16. Qxc2 $16) 14. Qxc2 Qh4 15. g3 Qe7 16. Rfe1 Bg6 17. Qb3 b6 {[%emt 0:00:53] Inhibits c5.} 18. f3 c5 19. Nxe4 Bxe4 20. fxe4 cxd4 21. Bxd4 Qxe4 22. Qc3 {[%emt 0:05:09] [#]} (22. Qe3 {simplifies} Qxe3+ 23. Bxe3 Rad8 24. Rad1) 22... Bb4 $1 23. Qxb4 Qxd4+ 24. Kg2 Rae8 {[%emt 0:06:06] Threatens to win with ...Re3.} 25. Qc3 {[%emt 0:10:25] Prevents Re3.} Qxc3 {[%emt 0:00:57] Black is much more active.} 26. bxc3 Re3 27. Bg4 Rxe1 28. Rxe1 $15 {[%emt 0:00:02][%mdl 4096] Endgame KRB-KRN} Nf6 29. Bf3 Rd8 30. Re2 {[%emt 0:01:53] Inhibits Rd2.} Kf8 31. Kf2 Rc8 32. Ke1 (32. Ke3 $1 $15) 32... Rxc4 $17 33. Kd2 Nd7 34. Kd3 Rc5 35. Kc2 Ne5 36. Be4 g6 37. h4 f5 38. Bg2 Kf7 39. Kb3 h6 40. Rd2 Ke7 41. Re2 Ke6 42. Bb7 g5 43. hxg5 hxg5 44. Rh2 f4 45. gxf4 gxf4 46. Be4 Ng4 {[%emt 0:07:26] Inhibits Rh6+.} 47. Rh4 Ke5 48. Bf3 {[%emt 0:00:11] [#]} Nf6 {[%emt 0:00:48] Prevents Rh5+.} 49. Rh1 Kf5 50. Re1 Nd5 {[%emt 0:04:33] Inhibits Re7.} 51. Be4+ Kf6 52. c4 (52. Rc1 {was called for.}) 52... Ne3 $19 53. Bd3 Ke5 54. Kc3 Ra5 55. Kb3 {[%emt 0:00:48] Prevents Ra3+.} (55. Bb1) 55... Kd4 56. Be2 Ke4 57. Rh1 Nf5 {[%emt 0:00:08] Prevents Rh6. aiming for ...Nd4+.} 58. Bg4 f3 {[%emt 0:01:48][%cal Bf4f3,Bf3f2][%mdl 32] Hoping for ...f2.} ({Don't blunder} 58... Nd4+ $2 59. Kb2 $19) 59. Rh8 (59. Rh2 $142) 59... f2 60. Bh3 Re5 61. Rf8 {[%emt 0:00:55] [#]} Ke3 $1 {[%emt 0:07:12][%cal Oe3d2] White must now prevent ...Kd2!} 62. Rf7 {[%emt 0:00:14] [#]} (62. Kb2 Nd6) 62... Kd2 $1 {[%emt 0:04:43] ...Re3+ is the strong threat.} 63. Rxa7 (63. Kb4 Ke1) 63... Re3+ 64. Kb4 Rxh3 {[%emt 0:00:05] Weighted Error Value: White=0.40/Black=0.10 (very precise)} 0-1

[Event "Hungarian Championship Women 2022"]
[Site "Budapest"]
[Date "2022.12.06"]
[Round "2.4"]
[White "Havanecz, Bianka"]
[Black "Mihok-Juhasz, Barbara"]
[Result "1/2-1/2"]
[ECO "E73"]
[WhiteElo "2210"]
[BlackElo "2206"]
[Annotator "TA"]
[PlyCount "80"]
[EventDate "2022.12.03"]
[EventType "tourn"]
[EventCountry "HUN"]
[SourceTitle "playchess.com"]
[Source "ChessBase"]
[SourceQuality "1"]
[TimeControl "40/5400+30:1800+30"]

1. d4 Nf6 2. c4 g6 3. Nc3 Bg7 4. e4 d6 5. Be2 O-O 6. Bg5 c5 7. d5 h6 8. Bh4 e6 9. Nf3 exd5 10. exd5 Bg4 11. O-O Re8 {[%emt 0:03:44] [#] E91: King's Indian: Classical: 6 Be2, unusual replies including 6...c5 and 6...Bg4.} 12. Nd2 $146 ({Predecessor:} 12. h3 Bxf3 13. Bxf3 a6 14. Qd2 Nbd7 15. Rae1 Qb6 16. Bg3 Rxe1 17. Rxe1 Re8 18. Rf1 Kh7 19. Bf4 Ng8 20. Be2 Ne7 21. g4 {½-½ (21) Amura,C (2344)-Zuriel,M (2184) San Luis 2007}) 12... Bxe2 13. Nxe2 Nbd7 {[%emt 0:03:43] The position is equal.} 14. Nc3 Ne5 15. h3 Qd7 16. Qc2 (16. Bxf6 $14 Bxf6 17. Qc2) 16... g5 (16... Nh5 {is more complex.} 17. Rae1 Nf4 18. Re3 f5) 17. Bg3 Nh5 18. Rfe1 f5 19. Bxe5 Bxe5 20. Nf3 Bg7 21. Rad1 (21. g3 {feels hotter.} Bf6 22. Rab1 Kf7 23. a3) 21... Nf4 22. Ne2 Nxe2+ 23. Rxe2 Rxe2 24. Qxe2 Re8 25. Qc2 g4 (25... Bf6 $11) 26. Nh4 $14 gxh3 27. Qxf5 Qe7 ({Black should play} 27... Qxf5 28. Nxf5 Re2) 28. Qxh3 $16 Qe2 {[%emt 0:00:06] [#]} 29. Rf1 Qxc4 30. Nf5 ({White should try} 30. Qd7 Re5 31. Ng6) 30... Qxd5 (30... Qf4 $16 {is a better defense.}) 31. Qh5 $2 ({Worse is} 31. Nxh6+ Bxh6 32. Qxh6 Re7 $11) (31. Qg4 $18 Qe5 32. Qg6) 31... Qe6 $1 $11 {[%emt 0:00:45] [#]} (31... Re5 $2 {[#]} 32. Ne7+ $1 (32. Nxh6+ Kf8 $15) 32... Kf8 33. Ng6+ (33. Nxd5 Rxh5 34. Nf4 Rf5 $17) 33... Kg8 34. Nxe5 Qxe5 35. Qg4 $18) 32. Nxd6 $1 Rd8 33. Nxb7 $40 {[%emt 0:00:26][%mdl 128] Black needs to defend precisely.} Rd5 34. Qf3 (34. Nxc5 $2 Qc6 35. Qe2 Rxc5 $17) 34... Bxb2 35. Na5 Bd4 36. Nb3 Rd7 37. Nxd4 cxd4 38. Rd1 {[%emt 0:00:08] Against d3} Kg7 39. a3 (39. Qg3+ $1 $14 Kh7 40. Qd3+ Kg7 41. a4) 39... Kh7 (39... d3 $1 $11 40. Rxd3 Qe1+ 41. Kh2 Rxd3 42. Qxd3 Qxf2) 40. Qd3+ Kg7 {[%emt 0:00:00] Weighted Error Value: White=0.19 (very precise) /Black=0.19 (very precise)} 1/2-1/2